 Dungeon Crawl Stone Soup version 0.27.1 (webtiles) character file.

Game seed: 2456266795481794009

6849 Kinoniko the Spear-Bearer (level 11, 0/115 HPs)
             Began as an Ogre Berserker on Sept 3, 2021.
             Was a High Priest of Trog.
             Killed by divine providence
             ... invoked by an orc priest
              (13 damage)
             ... on level 10 of the Dungeon.
             The game lasted 00:11:29 (12102 turns).

Kinoniko the Spear-Bearer (Ogre Berserker)         Turns: 12102, Time: 00:11:30

Health: 0/115      AC:  7    Str: 31    XL:     11   Next: 6%
Magic:  11/11      EV: 31    Int:  8    God:    Trog [*****.]
Gold:   503        SH:  0    Dex:  9    Spells: 10/10 levels left

rFire    . . .     SeeInvis .   v - +2 halberd
rCold    . . .     Faith    .   (shield currently unavailable)
rNeg     . . .     Spirit   .   E - +0 steam dragon scales
rPois    .         Reflect  .   (helmet restricted)
rElec    .         Harm     .   G - +0 cloak
rCorr    .         Rampage  .   (gloves unavailable)
Will     +....                  (boots unavailable)
Stlth    +.........             d - amulet of the acrobat
HPRegen  0.29/turn              i - +4 ring of evasion
MPRegen  0.12/turn              p - +6 ring of strength

@: about to teleport, on berserk cooldown, acrobatic, slowed, studying Hexes,
very slow
A: large, unfitting armour, tough skin 1
a: Renounce Religion, Berserk, Trog's Hand, Brothers in Arms


You were on level 10 of the Dungeon.
You worshipped Trog.
Trog was extremely pleased with you.
You visited 1 branch of the dungeon, and saw 10 of its levels.

You collected 503 gold pieces.

Inventory:

Hand Weapons
 a - a +0 spear
 v - a +2 halberd (weapon)
 w - a +2 antimagic spear
Missiles
 c - 4 throwing nets (quivered)
Armour
 b - a +0 animal skin
 E - +0 steam dragon scales (worn)
 G - a +0 cloak (worn)
Jewellery
 d - an amulet of the acrobat (around neck)
 i - a +4 ring of evasion (left hand)
 n - an amulet of guardian spirit
 p - a +6 ring of strength (right hand)
 t - a +6 ring of intelligence
 x - an amulet of regeneration
Wands
 k - a wand of iceblast (20)
 u - a wand of acid (15)
 F - a wand of paralysis (9)
Scrolls
 f - 2 scrolls of fog
 h - 4 scrolls of immolation
 j - 3 scrolls of teleportation
 m - 2 scrolls of blinking
 z - 3 scrolls of fear
 C - a scroll of vulnerability
 D - a scroll of silence
Potions
 e - 2 potions of lignification {unknown}
 g - 3 potions of curing
 l - 2 potions of heal wounds {unknown}
 q - a potion of haste {unknown}
 r - 2 potions of attraction {unknown}
 s - 2 potions of brilliance {unknown}
 A - a potion of degeneration {unknown}
 B - a potion of flight {unknown}
Miscellaneous
 y - a tin of tremorstones (2/2)


   Skills:
 + Level 9.2 Fighting
 * Level 12.7 Polearms
 + Level 8.4 Dodging


You had 10 spell levels left.
You didn't know any spells.
Your spell library was empty.

Dungeon Overview and Level Annotations

Branches:
Dungeon (10/15)            Temple (0/1) D:6            Lair (0/6) D:10
    Orc: D:9-12

Altars:
Cheibriados
Elyvilon
Gozag
Hepliaklqana
Qazlal
Ru
Uskayaw
Xom
Yredelemnul
The Shining One

Shops:
D:10 (

Annotations:
D:9 1 runed translucent door, Kinoniko's ghost, novice HOBe
D:10 3 runed translucent doors


Innate Abilities, Weirdness & Mutations

You are too large for most types of armour.
You have tough skin. (AC +1)


Message History

The warg pauses to sniff the ground.
The orc hits you with a +0 flail.
You slice the orc wizard!!
You kill the orc wizard!
Trog accepts your kill.
Trog appreciates your killing of a magic user.
You are no longer berserk.
You are exhausted.
You feel yourself slow down.
The orc priest hits you but does no damage.
You puncture the orc priest!
The orc priest is almost dead.
The warg bites you. The orc hits you with a +0 flail.
The orc priest mumbles some strange prayers to Beogh against you.
Beogh smites you! The warg misses you. The orc completely misses you.
Unknown command.
You barely miss the orc priest.
The orc priest is almost dead.
The orc priest hits you but does no damage.
The warg bites you!
* * * LOW HITPOINT WARNING * * *
The orc hits you with a +0 flail.
* * * LOW HITPOINT WARNING * * *
The orc priest closely misses you.
Unknown command.
As you read the scroll of teleportation, it crumbles to dust.
You feel strangely unstable. The warg bites you.
* * * LOW HITPOINT WARNING * * *
The orc closely misses you. The warg bites you.
* * * LOW HITPOINT WARNING * * *
The orc priest hits you but does no damage.
Unknown command.
Unknown command.
Okay, then.
The orc misses you. The warg completely misses you.
The orc hits you with a +0 flail.
* * * LOW HITPOINT WARNING * * *
The orc priest invokes the aid of Beogh against you.
Beogh smites you!
You die...

...##.....####.....##.....
............'......##.....
............#......##.....
.....>......#.............
...##(..##..###....##.....
....######..#########.....
..... #......... #...##
......##......... ##
......oh@........
>....o)o#...##...
.......##...# ### ......#
.....# .....# #...## ...##
#### .##


You could see a warg, an orc priest and 2 orcs.

Vanquished Creatures
  Harold (D:10)
  A two-headed ogre (D:10)
  A komodo dragon (D:10)
  An unseen horror (D:10)
  A troll (D:10)
  A hornet (D:9)
  A vampire (D:9)
  A wraith (D:5)
  A steam dragon (D:9)
  2 wargs (D:10)
  2 acid dragons (D:9)
  A water moccasin (D:7)
  2 black bears
  4 orc warriors
  An ice beast (D:7)
  A sky beast (D:6)
  2 ogres
  4 centaurs
  3 kobold brigands
  A bullfrog (D:7)
  5 scorpions
  3 gnoll sergeants
  4 wights (D:9)
  2 electric eels (D:9)
  4 crimson imps (D:9)
  2 jellies (D:7)
  A centaur skeleton (D:6)
  4 orc priests
  3 bullfrog skeletons
  A gnoll shaman (D:6)
  5 hounds
  3 iguanas
  12 orc wizards
  A hound zombie (D:5)
  A hound skeleton (D:4)
  A howler monkey zombie (D:10)
  21 gnolls
  4 adders
  2 shadow imps (D:7)
  A white imp (D:7)
  An ufetubus (D:7)
  2 worms (D:3)
  2 dart slugs (D:4)
  18 orcs
  4 ball pythons
  5 bats
  12 endoplasms
  10 goblins
  5 hobgoblins
  6 jackals
  3 quokkas
  A frilled lizard (D:3)
  19 kobolds
  A quokka skeleton (D:4)
  2 rats
203 creatures vanquished.

Vanquished Creatures (others)
  4 fungi (D:2)
  3 plants (D:2)
7 creatures vanquished.

Grand Total: 210 creatures vanquished

Notes
Turn   | Place    | Note
-------+----------+-------------------------------------------
     0 | D:1      | Kinoniko the Ogre Berserker began the quest for the Orb.
     0 | D:1      | Reached XP level 1. HP: 24/24 MP: 1/1
   255 | D:1      | Reached XP level 2. HP: 29/32 MP: 2/2
   456 | D:2      | Found a faded altar of an unknown god.
   708 | D:2      | Reached XP level 3. HP: 40/40 MP: 3/3
   788 | D:2      | Reached skill level 4 in Polearms
  1127 | D:2      | Reached XP level 4. HP: 46/49 MP: 4/4
  1256 | D:3      | Reached ** piety under Trog
  1257 | D:3      | Reached skill level 5 in Fighting
  2275 | D:4      | Noticed an ogre
  2282 | D:4      | Killed an ogre
  2283 | D:4      | Reached skill level 5 in Polearms
  2283 | D:4      | Reached XP level 5. HP: 57/57 MP: 5/5
  2450 | D:4      | Reached XP level 6. HP: 66/66 MP: 6/6
  2514 | D:4      | Found a hide-covered altar of Uskayaw.
  2515 | D:4      | Noticed a +0 dagger
  2516 | D:4      | Noticed a +0 dagger
  2787 | D:4      | Found a white marble altar of Elyvilon.
  2998 | D:5      | Entered Level 5 of the Dungeon
  3035 | D:5      | Reached skill level 6 in Polearms
  3205 | D:5      | Reached XP level 7. HP: 72/72 MP: 7/7
  3347 | D:5      | Reached skill level 7 in Polearms
  3357 | D:5      | Noticed a wraith
  3366 | D:5      | Killed a wraith
  3598 | D:5      | Reached skill level 8 in Polearms
  3598 | D:5      | Reached XP level 8. HP: 44/80 MP: 8/8
  3990 | D:5      | Reached *** piety under Trog
  4139 | D:6      | Reached skill level 5 in Dodging
  4472 | D:6      | Found a glowing golden altar of the Shining One.
  4732 | D:6      | Found a staircase to the Ecumenical Temple.
  4773 | D:6      | Found a sacrificial altar of Ru.
  4800 | D:6      | Found an opulent altar of Gozag.
  4982 | D:6      | Reached skill level 9 in Polearms
  6133 | D:7      | Found a basalt altar of Yredelemnul.
  6149 | D:7      | Reached XP level 9. HP: 87/88 MP: 9/9
  6463 | D:7      | Reached skill level 10 in Polearms
  6817 | D:7      | Found a snail-covered altar of Cheibriados.
  7057 | D:7      | Found a hazy altar of Hepliaklqana.
  7983 | D:8      | Reached **** piety under Trog
  9145 | D:9      | Reached skill level 11 in Polearms
  9367 | D:9      | Reached XP level 10. HP: 42/100 MP: 10/10
 10187 | D:9      | Found a shimmering altar of Xom.
 10392 | D:9      | Found a stormy altar of Qazlal.
 10562 | D:9      | Reached ***** piety under Trog
 10776 | D:9      | Found a runed translucent door.
 10776 | D:9      | Found a shimmering altar of Xom.
 10776 | D:9      | Noticed Kinoniko's ghost (novice HOBe)
 10776 | D:9      | Noticed a +1 quarterstaff of chaos
 11317 | D:10     | Entered Level 10 of the Dungeon
 11344 | D:10     | Killed an unseen horror
 11468 | D:10     | Reached skill level 12 in Polearms
 11705 | D:10     | Noticed Harold
 11717 | D:10     | Killed Harold
 11947 | D:10     | Found Xywnyck's Antique Weapon Boutique.
 11974 | D:10     | Found a runed translucent gate.
 11975 | D:10     | Found a runed translucent gate.
 11975 | D:10     | Found a runed translucent gate.
 12075 | D:10     | Noticed a two-headed ogre
 12077 | D:10     | Found a staircase to the Lair.
 12081 | D:10     | Killed a two-headed ogre
 12082 | D:10     | Reached XP level 11. HP: 115/115 MP: 11/11
 12102 | D:10     | Killed from afar by an orc priest

Illustrated notes

Levels and vault maps discovered:
D:1:      dpeg_arrival_ternary, layout_rooms, grunt_decor_arrowhead
D:2:      layout_basic, shapermc_ecumenical_altar_mp_ritualfount
D:3:      layout_loops_ring, minmay_misc_feat_rows
D:4:      layout_gridville, dancing_weapons_uskayaw, marbit_many_paths
D:5:      layout_basic, grunt_ministairs_12
D:6:      layout_cave_pods, mainiacjoe_overflow_cross_hatched,
          mainiacjoe_overflow_two_lobes, minmay_temple_entry_statues_fountains
D:7:      layout_loops_corners, kennysheep_mini, lemuel_round_altar,
          mainiacjoe_overflow_alcove_2
D:8:      layout_gridville, serial_bayou_pond_d, minmay_manual_mares
D:9:      layout_basic, grunt_qazlal_clouds, led_xom_imps, ebering_ghost_xom,
          hangedman_decor_points
D:10:     layout_gridville, mainiacjoe_overflow_24_doors,
          erik_lair_orcish_takeover, serial_shops, nicolae_shop_crystal,
          gammafunk_ghost_icy, st_stairs_10, uniq_harold

Skill      XL: |  1  2  3  4  5  6  7  8  9 10 |
---------------+-------------------------------+-----
Polearms       | 4 5 6 8 9 11 12 | 12.7
Fighting       | 5 6 9 |  9.2
Dodging        | 3 4 5 7 8 |  8.4

Action                   |  1- 3 |  4- 6 |  7- 9 | 10-12 || total
-------------------------+-------+-------+-------+-------++-------
Melee: Spear             |    82 |   156 |   301 |       ||   539
       Halberd           |       |       |   171 |   187 ||   358
Invok: Berserk           |     2 |     4 |    14 |     8 ||    28
  Use: Scroll            |       |     7 |     6 |     4 ||    17
Armor: Animal skin       |    16 |    25 |    56 |     2 ||    99
       Steam dragon scal |       |       |       |    37 ||    37
Dodge: Dodged            |    44 |    67 |   226 |   110 ||   447
